cohdb
Replays
Latest Replays
All Replays
Popular Replays
Top Player Replays
Match Explorer
How It Works
Community
CoH3 Stats
Reddit
Sign in to upload your games and track your stats! →
Sign in with Steam
Match 25435509
Unlisted
Match 25435509
Overview
Messages
Build Orders
End
Selects Luftwaffe Battlegroup
Selects Luftwaffe Pioneer Support
Construct Infanterie Kompanie
Fallschirmpioneer Squad Paradrop
MG 42 Machine Gun Team
Fallschirmpioneer Squad Paradrop
GrW 34 Mortar Team
Selects Stuka Strafing Run
Medical Station
Construct Panzergrenadier Kompanie
Selects Fallschirmjäger Squad Paradrop
Fallschirmjäger Squad Paradrop
Stuka Strafing Run
251 Medium Carrier
Pak 40 Anti-tank Gun Team
Stuka Strafing Run
Construct Panzer Kompanie
Selects Stuka Loiter
Panzer IV Medium Tank
Panzer IV Medium Tank
Side Skirts
Pioneer Squad
Panzer Officer Quarters
Fallschirmjäger Squad Paradrop
pagep
Wittman
Moose :U !?
Company of Disconnection
Musa
Dodo
Zoro
闭麦听歌1V9
0
0
Comments
sign in to comment!
No comments posted yet!